 Dungeon Crawl Stone Soup version 0.26-a0-651-gb41185065b (webtiles) character file.

Game seed: 12935246414918511474

65 Mesmaeker13 the Caller (level 3, -15/19 HPs)
             Began as a Deep Elf Summoner on Oct 3, 2020.
             Demolished by an ogre
             ... wielding a +0 giant club
              (18 damage)
             ... on level 4 of the Dungeon.
             The game lasted 00:04:27 (3009 turns).

Mesmaeker13 the Caller (Deep Elf Summoner)          Turns: 3009, Time: 00:04:28

Health: -15/19     AC:  2    Str:  5    XL:     3   Next: 92%
Magic:  2/10       EV: 14    Int: 20    God:
Gold:   67         SH:  0    Dex: 15    Spells: 7/10 levels left

rFire    . . .     SeeInvis .   g - +0 short sword
rCold    . . .     Faith    .   (no shield)
rNeg     + . .     Spirit   .   a - +0 robe
rPois    .         Reflect  .   (no helmet)
rElec    .         Harm     .   (no cloak)
rCorr    .         Rampage  .   (no gloves)
MR       .....                  (no boots)
Stlth    ++........             (no amulet)
HPRegen  0.06/turn              k - ring of positive energy
MPRegen  0.12/turn              (no ring)

@: no status effects
A: no striking features
a: no special abilities


You were on level 4 of the Dungeon.
You visited 1 branch of the dungeon, and saw 3 of its levels.

You collected 67 gold pieces.

Inventory:

Hand Weapons
 g - a +0 short sword (weapon)
Missiles
 f - 13 poisoned darts (quivered)
Armour
 a - a +0 robe (worn)
Jewellery
 k - a ring of positive energy (left hand)
Scrolls
 b - 2 scrolls of blinking {unknown}
 c - 2 scrolls of teleportation
 d - 2 scrolls of fog {unknown}
 i - a scroll of identify {unknown}
 j - a scroll of amnesia {unknown}
Potions
 e - a potion of haste {unknown}
 h - a potion of lignification {unknown}
 l - a potion of curing {unknown}
 m - 2 potions of stabbing {unknown}
 n - a potion of flight {unknown}


   Skills:
 + Level 3.5 Dodging
 - Level 2.4 Stealth
 + Level 4.1 Spellcasting
 + Level 5.0 Summonings


You had 7 spell levels left.
You knew the following spells:

 Your Spells              Type           Power        Failure   Level
a - Summon Small Mammal   Summ           ###.         1%          1
b - Call Imp              Summ           ###.....     2%          2

Your spell library contained the following spells:

 Spells                   Type           Power        Failure   Level
 Call Canine Familiar     Summ           ###.....     4%          3
 Summon Guardian Golem    Hex/Summ       ##......     14%         3
 Summon Ice Beast         Ice/Summ       ##......     41%         4
 Summon Lightning Spire   Summ/Air       ##......     41%         4


Dungeon Overview and Level Annotations

Branches:
Dungeon (2/15)

Altars:
Gozag


Message History

Okay, then.
Throwing (i - inventory)
f - 14 poisoned darts (quivered)
Press: ? - help, Shift-Dir - straight line, f - ogre
Aim: an ogre, wielding a +0 giant club (severely wounded)
You throw a poisoned dart. The poisoned dart hits the ogre.
The ogre is severely wounded.
Your quokka bites the ogre.
The ogre hits you with a +0 giant club!
Ouch! That really hurt!
* * * LOW HITPOINT WARNING * * *
Your crimson imp barely misses the ogre.
Your crimson imp hits the ogre but does no damage.
Your crimson imp hits the ogre.
Casting: Call Imp (safe; 2% risk of failure)
Confirm with . or Enter, or press ? or * to list all spells.
A beastly little devil appears in a puff of flame.
Your quokka bites the ogre.
Your crimson imp blinks!
The ogre hits you with a +0 giant club!!
Ouch! That really hurt!
You die...

########
#.5..r.#
#(####O# .
#.####@###.#
#.##.>.......#
#........#.#(.
#..#.#.#.#
#......#.#
##.#..##.#
#5##.##.#
#.......#
####.####


You could see an ogre, a friendly crimson imp (summoned) and a friendly quokka
(summoned).

Vanquished Creatures
  A bat (D:1)
  2 giant cockroaches
  5 goblins
  2 hobgoblins (D:1)
  A frilled lizard (D:2)
  3 rats
14 creatures vanquished.

Vanquished Creatures (collateral kills)
  Robin (D:2)
  An ooze (D:1)
  2 worms (D:2)
  A dart slug (D:2)
  3 leopard geckos
  A ball python (D:2)
  A giant cockroach (D:2)
  8 goblins
  13 hobgoblins
  5 jackals
  6 kobolds
  5 bats
  4 rats
51 creatures vanquished.

Grand Total: 65 creatures vanquished

Notes
Turn   | Place    | Note
-------+----------+-------------------------------------------
     0 | D:1      | Mesmaeker13 the Deep Elf Summoner began the quest for the
                  | Orb.
     0 | D:1      | Reached XP level 1. HP: 10/10 MP: 6/6
   496 | D:1      | Reached XP level 2. HP: 14/15 MP: 5/8
  2279 | D:1      | Learned a level 2 spell: Call Imp
  2286 | D:2      | Reached XP level 3. HP: 17/19 MP: 5/10
  2554 | D:2      | Found an opulent altar of Gozag.
  2570 | D:2      | Noticed Robin
  2579 | D:2      | Killed Robin
  2672 | D:2      | Reached skill level 5 in Summonings
  2971 | D:2      | You fall into a shaft and drop 2 floors!
  2973 | D:4      | Noticed an ogre
  3009 | D:4      | Demolished by an ogre

Illustrated notes

Levels and vault maps discovered:
D:1:      dpeg_arrival_shrine, layout_basic, minmay_hexomino_p4
D:2:      layout_rooms, okawaru_gym_becter, lemuel_doored_altar, uniq_jessica,
          uniq_robin
D:4:      wander_river, layout_loops_cross,
          lightli_ossuary_entry_decrepit_ruins, minmay_mini_ossuary

Skill      XL: |  1  2  3 |
---------------+----------+-----
Dodging        | 3 |  3.5
Spellcasting   | 4 |  4.1
Summonings     | 5 |  5.0
Stealth        | |  2.4

Action                   || total
-------------------------++-------
Melee: Unarmed           ||    13
       Short sword       ||    69
Throw: Dart              ||     1
 Cast: Summon Small Mamm ||    40
       Call Imp          ||    18
  Use: Scroll            ||     1
 Stab: Sleeping          ||     4
       Distracted        ||     1
Armor: Robe              ||    26
Dodge: Dodged            ||    98

Table legend: (Time is in decaauts)
 A = Elapsed time spent in this place.
 B = Non-inter-level travel time spent in this place.
 C = Inter-level travel time spent in this place.
 D = Time resting spent in this place.
 E = Time spent auto-exploring this place.
 F = Levels seen in this place.
 G = Mean time per level.
                   A        B        C        D        E       F      G
               +--------+--------+--------+--------+--------+-----+--------+
         Total |   3016 |   2928 |     88 |    879 |   1481 |   3 | 1005.3 |
       Dungeon |   3016 |   2928 |     88 |    879 |   1481 |   3 | 1005.3 |
               +--------+--------+--------+--------+--------+-----+--------+

Top non-repeatable levels by time:
     D:1: 2232 daAuts
     D:2: 746 daAuts
     D:4: 37 daAuts
